 Dungeon Crawl Stone Soup version 0.30-a0-4-ga7cffc901d (webtiles) character file.

Game seed: 8487826618300751169

9066 gelatine the Reanimator (level 11, -3/75 HPs)
             Began as a Demonspawn Necromancer on Aug 21, 2022.
             Was a Priest of Vehumet.
             Slain by a vampire mosquito (6 damage)
             ... on level 9 of the Dungeon.
             The game lasted 00:44:16 (11114 turns).

gelatine the Reanimator (Demonspawn Necromancer)   Turns: 11114, Time: 00:44:16

Health: -3/75      AC: 11    Str:  8    XL:     11   Next: 18%
Magic:  20/24      EV: 13    Int: 27    God:    Vehumet [***...]
Gold:   520        SH:  0    Dex: 14    Spells: 8/29 levels left

rFire   . . .      SeeInvis .    G - +5 scythe (flame)
rCold   . . .      Faith    .    (shield currently unavailable)
rNeg    + . .      Spirit   .    M - +1 steam dragon scales
rPois   .          Reflect  .    s - +0 helmet
rElec   .          Harm     .    n - +0 cloak
rCorr   .          Rampage  .    (gloves unavailable)
Will    .....                    A - +0 pair of boots
Stlth   +++.......               l - amulet of magic regeneration
HPRegen 0.22/turn                B - +6 ring of intelligence
MPRegen 0.59/turn                w - ring of positive energy

@: animating dead
A: slimy green scales 1, demonic magic 1, demonic touch 3
a: Renounce Religion


You were on level 9 of the Dungeon.
You worshipped Vehumet.
Vehumet was most pleased with you.
You visited 2 branches of the dungeon, and saw 11 of its levels.

You collected 546 gold pieces.
You spent 26 gold pieces at shops.

Inventory:

Hand Weapons
 G - a +5 scythe of flaming (weapon)
Armour
 f - a scarf of harm
 n - a +0 cloak (worn)
 q - a +2 scale mail of poison resistance
 s - a +0 helmet (worn)
 A - a +0 pair of boots (worn)
 M - +1 steam dragon scales (worn)
 Q - a +2 leather armour of willpower
Jewellery
 l - an amulet of magic regeneration (around neck)
 w - a ring of positive energy (right hand)
 B - a +6 ring of intelligence (left hand)
Wands
 a - a wand of flame (8)
 e - a wand of paralysis (14)
 D - a wand of mindburst (14)
 I - a wand of polymorph (5)
Scrolls
 i - a scroll of fog
 j - a scroll of immolation
 k - 3 scrolls of blinking
 o - a scroll of noise
 x - a scroll of fear
 z - a scroll of enchant weapon
 E - a scroll of enchant armour
Potions
 b - a potion of magic
 d - 3 potions of degeneration {unknown}
 g - 3 potions of haste {unknown}
 h - 2 potions of might {unknown}
 m - 2 potions of brilliance {unknown}
 p - 3 potions of heal wounds {unknown}
 r - a potion of cancellation {unknown}
 u - 4 potions of flight {unknown}
 v - 3 potions of mutation {unknown}
 H - a potion of lignification {unknown}
 P - 2 potions of attraction {unknown}


   Skills:
 + Level 3.5 Fighting
 + Level 0.5 Short Blades
 + Level 0.5 Maces & Flails
 * Level 6.6 Polearms
 + Level 3.6 Dodging
 + Level 5.3 Stealth
 + Level 9.6 Spellcasting
 + Level 0.5 Summonings
 + Level 11.4 Necromancy


You had 8 spell levels left.
You knew the following spells:

 Your Spells              Type           Power      Damage    Failure   Level
a - Necrotise             Necr           100%       1d9       1%          1
b - Vampiric Draining     Necr           65%        2d10      1%          3
c - Animate Dead          Necr           65%        N/A       1%          4
d - Agony                 Necr           65%        N/A       1%          5
e - Call Canine Familiar  Summ           16%        N/A       11%         3
f - Shock                 Conj/Air       52%        1d6       1%          1
g - Searing Ray           Conj           26%        2d5       1%          2
h - Poisonous Vapours     Pois/Air       26%        N/A       1%          2

Your spell library contained the following spells:

 Spells                   Type           Power      Damage    Failure   Level
 Gell's Gravitas          Tloc           13%        N/A       14%         3
 Portal Projectile        Hex/Tloc       26%        N/A       14%         3
 Teleport Other           Tloc           13%        N/A       14%         3
 Summon Lightning Spire   Summ/Air       14%        N/A       36%         4
 Leda's Liquefaction      Hex/Erth       6%         N/A       41%         4
 Dispersal                Tloc           6%         N/A       100%        6
 Storm Form               Tmut/Air       6%         N/A       100%        7
 Maxwell's Capacitive Co  Air            6%         ∞         100%        8


Dungeon Overview and Level Annotations

Branches:
Dungeon (10/15)            Temple (1/1) D:5            Lair (0/5) D:8
    Orc: D:9-12

Altars:
Ashenzari
Cheibriados
Dithmenos
Fedhas
Gozag
Hepliaklqana
Kikubaaqudgha
Makhleb
Okawaru
Qazlal
Ru
Sif Muna
Trog
Uskayaw
Vehumet
Wu Jian
Xom
Yredelemnul

Shops:
D:1 :   D:2 *   D:7 *

Annotations:
D:9 2 transporters


Innate Abilities, Weirdness & Mutations

You are partially covered in slimy green scales. (AC +2)
Spells you cast may paralyse adjacent enemies.
Your touch may irresistibly damage your foes and sap their willpower.


Message History

Level annotation: 2 transporters
There is a stone staircase leading down here.
You hit the vampire mosquito. You burn the vampire mosquito.
The vampire mosquito is almost destroyed.
The vampire mosquito bites you but does no damage.
The vampire mosquito barely misses you. x2; The vampire mosquito bites you.
* * * LOW HITPOINT WARNING * * *
The vampire mosquito draws strength from your injuries!
The vampire mosquito bites you but does no damage.
The vampire mosquito barely misses you.
Casting: Animate Dead (safe; 1% risk of failure)
Confirm with . or Enter, or press ? or * to list all spells.
Aiming: Searing Ray (safe; 1% risk of failure)
Press: ? - help, Shift-Dir - straight line, f - vampire mosquito
Aim: a vampire mosquito (almost destroyed, 60% to hit)
The searing ray hits the vampire mosquito.
You destroy the vampire mosquito!
Vehumet accepts your kill. (Press . to maintain the ray.) Malevolent energies surge around you.
The vampire mosquito barely misses you.
Casting: Searing Ray (safe; 1% risk of failure)
Confirm with . or Enter, or press ? or * to list all spells.
Restarting spell: Searing Ray (safe; 1% risk of failure)
Press: ? - help, Shift-Dir - straight line, f - vampire mosquito
Aim: a vampire mosquito (60% to hit)
The searing ray misses the vampire mosquito. (Press . to maintain the ray.) Malevolent energies surge around you.
The vampire mosquito bites you.
* * * LOW HITPOINT WARNING * * *
The vampire mosquito draws strength from your injuries!
The vampire mosquito bites you but does no damage.
The searing ray hits the vampire mosquito.
The vampire mosquito is moderately damaged.
The vampire mosquito bites you.
* * * LOW HITPOINT WARNING * * *
The vampire mosquito closely misses you.
The searing ray hits the vampire mosquito.
The vampire mosquito is moderately damaged.
The vampire mosquito misses you. The vampire mosquito bites you.
You die...

### ..# #######################
..# #...........##........# # ..#
#..........y##........###### ..#
#..........@##........'...ZZ
..####.........†...........######
....Z#............#........#
..##.'...........##...<....#
..####...........######'#### ###
####'######## #..# # #.## #Z## #
#ZZ# ##Z####### ##### ##.#
#..ZZ....####


You could see a vampire mosquito.

Vanquished Creatures
  2 two-headed ogres (D:8)
  An elephant (D:8)
  Maggie (D:8)
  Psyche (D:8)
  A hornet (D:9)
  Sigmund (D:6)
  A vampire (D:8)
  A basilisk (D:8)
  6 yaks (D:8)
  Grum (D:9)
  3 vampire mosquitoes
  2 orc warriors
  A black bear (D:7)
  2 ice beasts (D:7)
  A sky beast (D:7)
  3 ogres
  2 wolves (D:9)
  A centaur (D:9)
  A phantom (D:5)
  A lemure (D:6)
  A kobold brigand (D:8)
  2 nameless horrors (D:9)
  2 necrophages
  2 gnoll sergeants (D:8)
  A bullfrog (D:8)
  A scorpion (D:6)
  7 wights
  5 killer bees (D:9)
  4 hounds
  2 jellies (D:5)
  A gnoll bouda (D:9)
  6 orc priests
  3 iguanas
  Natasha (thrice) (D:3)
  8 orc wizards
  Robin (D:3)
  9 gnolls
  5 adders
  2 white imps
  5 worms
  2 dart slugs
  31 orcs
  5 endoplasms
  A giant cockroach (D:4)
  11 goblins
  10 hobgoblins
  5 jackals
  3 quokkas
  9 ball pythons
  5 bats
  5 frilled lizards
  13 kobolds
  2 rats (D:2)
205 creatures vanquished.

Vanquished Creatures (collateral kills)
  Harold (D:9)
  Pikel (D:6)
  A basilisk (D:8)
  A steam dragon (D:8)
  A wolf (D:9)
  2 phantoms (D:6)
  A bullfrog (D:9)
  2 wights
  2 orc wizards
  3 gnolls (D:8)
  A dart slug (D:1)
  4 orcs
  A bat (D:1)
  A giant cockroach (D:4)
  A gnoll zombie (D:8)
  4 goblins
  A kobold (D:1)
28 creatures vanquished.

Vanquished Creatures (others)
  A two-headed ogre zombie (D:8)
  An elephant zombie (D:8)
  A yak zombie (D:8)
  A bullfrog zombie (D:8)
  2 basilisk zombies (D:8)
  A human zombie (D:8)
  4 orc zombies
  4 gnoll zombies (D:8)
  A kobold (D:8)
  8 kobold zombies (D:8)
  A plant (D:8)
25 creatures vanquished.

Grand Total: 258 creatures vanquished

Notes
Turn   | Place    | Note
-------+----------+-------------------------------------------
     0 | D:1      | gelatine the Demonspawn Necromancer began the quest for the
                  | Orb.
     0 | D:1      | Reached XP level 1. HP: 13/13 MP: 3/3
    18 | D:1      | Found Cenuib's Book Shop.
   138 | D:1      | Gained mutation: You are partially covered in slimy green
                  | scales. (AC +2) [demonic ancestry]
   138 | D:1      | Reached XP level 2. HP: 16/19 MP: 0/5
   269 | D:1      | Reached skill level 5 in Necromancy
   503 | D:1      | Gained mutation: Your touch may inflict minor irresistible
                  | damage on your foes. [demonic ancestry]
   503 | D:1      | Reached XP level 3. HP: 24/24 MP: 3/6
   767 | D:2      | Found Ruefreic's General Store.
   775 | D:2      | Bought a scroll of identify for 26 gold pieces
   960 | D:2      | Learned a level 3 spell: Vampiric Draining
  1748 | D:3      | Noticed Robin
  1755 | D:3      | Reached XP level 4. HP: 28/30 MP: 3/7
  1786 | D:3      | Killed Robin
  2208 | D:3      | Found a faded altar of an unknown god.
  2393 | D:3      | Found a sacrificial altar of Ru.
  2434 | D:3      | Found a shimmering blue altar of Sif Muna.
  2663 | D:3      | Noticed Natasha
  2668 | D:3      | Killed Natasha
  2682 | D:3      | Reached XP level 5. HP: 35/35 MP: 0/10
  2732 | D:3      | Noticed Natasha
  2739 | D:3      | Killed Natasha
  3067 | D:3      | Noticed Natasha
  3075 | D:3      | Killed Natasha
  3168 | D:4      | Found a stormy altar of Qazlal.
  3343 | D:4      | Reached skill level 6 in Necromancy
  3350 | D:4      | Reached XP level 6. HP: 28/41 MP: 7/12
  3971 | D:5      | Entered Level 5 of the Dungeon
  3994 | D:5      | Found a snail-covered altar of Cheibriados.
  4043 | D:5      | Reached skill level 7 in Necromancy
  4082 | D:5      | Reached skill level 5 in Spellcasting
  4082 | D:5      | Reached XP level 7. HP: 39/47 MP: 10/14
  4159 | D:5      | Found a staircase to the Ecumenical Temple.
  4203 | Temple   | Entered the Ecumenical Temple
  4705 | D:5      | Learned a level 4 spell: Animate Dead
  5269 | D:6      | Reached skill level 8 in Necromancy
  5271 | D:6      | Noticed Pikel
  5282 | D:6      | Killed Pikel
  5283 | D:6      | Gained mutation: Spells you cast may paralyse adjacent
                  | enemies. [demonic ancestry]
  5283 | D:6      | Reached XP level 8. HP: 36/53 MP: 10/18
  5415 | D:6      | Noticed Sigmund
  5427 | D:6      | Killed Sigmund
  5428 | D:6      | Reached skill level 1 in Fighting
  5428 | D:6      | Reached skill level 9 in Necromancy
  5606 | D:6      | Found a radiant altar of Vehumet.
  5615 | D:6      | Became a worshipper of Vehumet
  5647 | D:6      | Reached skill level 1 in Polearms
  6551 | D:6      | Found a shadowy altar of Dithmenos.
  6674 | D:7      | HP: 1/54 [orc priest/+0 club (3)]
  6675 | D:7      | Reached XP level 9. HP: 1/59 MP: 16/20
  7652 | D:7      | Found Qagu's Assorted Antiques.
  8030 | D:7      | Learned a level 5 spell: Agony
  8034 | D:7      | Learned a level 3 spell: Call Canine Familiar
  8062 | D:8      | Noticed Maggie
  8083 | D:8      | Killed Maggie
  8084 | D:8      | Reached skill level 10 in Necromancy
  8085 | D:8      | Reached * piety under Vehumet
  8085 | D:8      | Offered knowledge of Shock by Vehumet.
  8246 | D:8      | Learned a level 1 spell: Shock
  8486 | D:8      | Your ally Maggie died
  8668 | D:8      | Noticed a two-headed ogre
  8684 | D:8      | Killed a two-headed ogre
  8685 | D:8      | Gained mutation: Your touch may inflict irresistible damage
                  | on your foes. [demonic ancestry]
  8685 | D:8      | Reached XP level 10. HP: 59/67 MP: 16/22
  8692 | D:8      | Offered knowledge of Searing Ray by Vehumet.
  8696 | D:8      | Reached ** piety under Vehumet
  9005 | D:8      | Noticed a two-headed ogre
  9009 | D:8      | Killed a two-headed ogre
  9010 | D:8      | Reached skill level 5 in Polearms
  9036 | D:8      | Found a staircase to the Lair.
  9036 | D:8      | Noticed an elephant
  9064 | D:8      | Killed an elephant
  9174 | D:8      | Reached skill level 11 in Necromancy
  9497 | D:8      | Noticed Psyche
  9508 | D:8      | Killed Psyche
  9938 | D:9      | Noticed Grum
  9947 | D:9      | Killed Grum
  9948 | D:9      | Reached skill level 5 in Stealth
 10113 | D:9      | Noticed Harold
 10126 | D:9      | Killed Harold
 10127 | D:9      | Gained mutation: Your touch may irresistibly damage your
                  | foes and sap their willpower. [demonic ancestry]
 10127 | D:9      | Reached XP level 11. HP: 61/75 MP: 8/24
 10344 | D:9      | Learned a level 2 spell: Searing Ray
 10443 | D:9      | Offered knowledge of Poisonous Vapours by Vehumet.
 10499 | D:9      | Reached *** piety under Vehumet
 10649 | D:9      | Learned a level 2 spell: Poisonous Vapours
 10652 | D:9      | Paralysed by a hornet for 1 turns
 10870 | D:9      | Found a transporter.
 10874 | D:9      | Noticed a death knight
 10875 | D:9      | Found a transporter.
 10875 | D:9      | Noticed a wolf spider
 10884 | D:9      | Found an ancient bone altar of Kikubaaqudgha.
 10920 | D:9      | Noticed a fire crab
 10920 | D:9      | a troll changed into a fire crab
 11089 | D:10     | Entered Level 10 of the Dungeon
 11105 | D:10     | HP: 2/75 [vampire mosquito (2)]
 11113 | D:9      | HP: 3/75 [vampire mosquito (1)]
 11114 | D:9      | Slain by a vampire mosquito

Illustrated notes

Levels and vault maps discovered:
D:1:      giann_forest_graveyard, layout_rooms, serial_shops, shop, st_stairs_5,
          minmay_tromino_v4_c
D:2:      layout_basic, serial_shops, shop, minivault_4, dk_vineyard_3,
          corner_web_ring, minivault_26, grunt_ministairs_5
D:3:      layout_basic, nicolae_ru_awakened_eye, overflow_temple_1_default,
          shapermc_ecumenical_altar_petra, serial_aquarium,
          aquarium_bridge_long_joined [aquarium_subvault_bridge,
          aquarium_subvault_window, aquarium_subvault_balcony,
          aquarium_subvault_bridge, aquarium_subvault_window,
          aquarium_subvault_balcony], aquarium_bridge_square
          [aquarium_subvault_bridge, aquarium_subvault_balcony,
          aquarium_subvault_balcony, aquarium_subvault_wall],
          aquarium_window_corridor_2, aquarium_window_fake, aquarium_window_2,
          aquarium_window_fake, aquarium_view_2b, aquarium_balcony_5a,
          uniq_natasha, uniq_robin
D:4:      layout_loops_ring, nicolae_overflow_crystal_walls
D:5:      layout_rooms, cheibrodos_worm_habitat, temple_green
D:6:      layout_basic, lemuel_coloured_pillars_altar, nicolae_vehumet_radiance,
          uniq_sigmund, uniq_pikel
D:7:      layout_basic, mainiacjoe_overflow_surrounded_room, serial_rivers,
          chequers_serial_rivers_micro_a, chequers_serial_rivers_large_a,
          chequers_serial_rivers_small_a, chequers_serial_rivers_large_b,
          chequers_serial_rivers_room_a, serial_shops, shop
D:8:      layout_loops_ring, david_lair_generic, minmay_microvault, uniq_maggie,
          uniq_psyche
D:9:      layout_roguey, gammafunk_temple_overflow_arena, uniq_harold, uniq_grum
D:10:     layout_basic, marbit_many_paths
Temple:   oiseaux_autumnal_temple

Skill      XL: |  1  2  3  4  5  6  7  8  9 10 |
---------------+-------------------------------+-----
Necromancy     | 5 6 7 8 9 10 11 | 11.4
Spellcasting   | 3 4 5 6 7 8 9 |  9.6
Stealth        | 2 3 5 |  5.3
Dodging        | 2 3 |  3.6
Fighting       | 1 2 3 |  3.5
Polearms       | 1 4 6 |  6.6
Short Blades   | |  0.5
Maces & Flails | |  0.5
Summonings     | |  0.5

Action                   |  1- 3 |  4- 6 |  7- 9 | 10-12 || total
-------------------------+-------+-------+-------+-------++-------
Melee: Whip              |    18 |    10 |     8 |       ||    36
       Touch             |     2 |     7 |    10 |       ||    19
       Punch             |       |     1 |       |       ||     1
       Dagger            |       |    25 |    28 |       ||    53
       Halberd           |       |       |    94 |    80 ||   174
 Cast: Necrotise         |    64 |    95 |    88 |    13 ||   260
       Vampiric Draining |     3 |    11 |    34 |     7 ||    55
       Animate Dead      |       |       |     4 |     3 ||     7
       Agony             |       |       |    12 |    23 ||    35
       Call Canine Famil |       |       |     2 |     8 ||    10
       Shock             |       |       |       |    11 ||    11
       Searing Ray       |       |       |       |     7 ||     7
       Poisonous Vapours |       |       |       |     1 ||     1
  Use: Scroll            |     1 |       |     4 |     6 ||    11
       Potion            |       |     1 |     1 |     3 ||     5
 Stab: Paralysed         |       |       |    25 |    21 ||    46
       Distracted        |       |       |       |     1 ||     1
Armor: Robe              |    11 |    14 |    45 |       ||    70
       Steam dragon scal |       |       |    19 |    66 ||    85
       Skin              |       |       |       |     1 ||     1
Dodge: Dodged            |    19 |    22 |   107 |   114 ||   262

Table legend: (Time is in decaauts)
 A = Elapsed time spent in this place.
 B = Non-inter-level travel time spent in this place.
 C = Inter-level travel time spent in this place.
 D = Time resting spent in this place.
 E = Time spent auto-exploring this place.
 F = Levels seen in this place.
 G = Mean time per level.
                   A        B        C        D        E       F      G
               +--------+--------+--------+--------+--------+-----+--------+
         Total |  11218 |  10579 |    639 |    544 |   8247 |  11 | 1019.8 |
       Dungeon |  10797 |  10341 |    456 |    544 |   8025 |  10 | 1079.7 |
        Temple |    420 |    237 |    183 |      0 |    222 |   1 |  420.0 |
               +--------+--------+--------+--------+--------+-----+--------+

Top non-repeatable levels by time:
     D:8: 1580 daAuts
     D:9: 1497 daAuts
     D:7: 1496 daAuts
     D:6: 1382 daAuts
     D:2: 1326 daAuts
     D:3: 1218 daAuts
     D:5: 845 daAuts
     D:4: 831 daAuts
     D:1: 598 daAuts
  Temple: 420 daAuts
    D:10: 20 daAuts
